AoeStats
← Robert Grigoryan

Nomad

504260070Analyzed
2v2 RM · 27d ago on Sep 4, 2026· 51m 51s· 4 players
Game mode
Random Map
Map size
176×176
Population
200
Speed
Normal
Resources
Standard
Victory
Conquest
Starting age
Dark Age
Ending age
Imperial Age
RankedLock teamsTeams togetherTeam positionsShared explorationLock speedFull tech treeHidden civsTurbo modeCheats
Victory
Defeat
🇺🇾 Mongols · Uruguay
905
+9
🇺🇾 Britons · Uruguay
895
+9
🇷🇺 Teutons · Russia
746
-9
🇺🇸 Japanese · United States
729
-9
XFREDJRX
5:29 Loom
14:15 Feudal Age
14:59 Fishing Lines
16:05 Wheelbarrow
19:39 Horse Collar
19:54 Gold Mining
24:06 Castle Age
22:33 Man-at-Arms
23:28 Forging
23:18 Scale Mail Armor
23:24 Scale Barding Armor
23:20 Padded Archer Armor
23:11 Fletching
23:36 Bloodlines
24:01 Stone Mining
25:03 Hand Cart
24:41 Gillnets
25:14 Medium Warships
25:42 Double-Bit Axe
26:43 Long Swordsman
26:44 Pikeman
27:25 Squires
27:11 Gambesons
28:06 Iron Casting
27:46 Chain Mail Armor
29:00 Bow Saw
30:52 Gold Shaft Mining
33:31 Elite Skirmisher
38:23 Imperial Age
38:01 Treadmill Crane
38:18 Murder Holes
39:22 Two-Handed Swordsman
40:29 Conscription
40:46 Plate Mail Armor
42:57 Capped Ram
Robert Grigoryan
9:13 Loom
14:13 Feudal Age
14:54 Double-Bit Axe
18:27 Horse Collar
25:52 Castle Age
23:33 Man-at-Arms
24:49 Gold Mining
24:50 Stone Mining
25:58 Scale Mail Armor
26:08 Forging
26:04 Scale Barding Armor
27:17 Gambesons
27:33 Squires
26:55 Long Swordsman
28:18 Wheelbarrow
28:35 Bow Saw
28:43 Heavy Plow
30:24 Pikeman
32:17 Chain Barding Armor
32:55 Bloodlines
33:36 Iron Casting
33:23 Hand Cart
32:53 Town Watch
33:46 Fletching
34:11 Chain Mail Armor
37:05 Caravan
40:07 Imperial Age
37:56 Bodkin Arrow
39:32 Masonry
39:43 Ballistics
39:42 Town Patrol
42:09 Blast Furnace
41:40 Plate Mail Armor
42:23 Coinage
42:03 Guilds
44:36 Conscription
43:39 Elite Teutonic Knight
44:59 Plate Barding Armor
43:46 Cavalier
48:49 Padded Archer Armor
49:56 Two-Man Saw
martin.varela1991
6:42 Loom
13:39 Feudal Age
14:21 Double-Bit Axe
17:03 Wheelbarrow
21:53 Castle Age
20:02 Fletching
20:17 Padded Archer Armor
20:03 Horse Collar
21:19 Stone Mining
23:00 Town Watch
25:12 Hand Cart
26:07 Bow Saw
31:51 Heavy Plow
32:10 Gold Mining
32:34 Nomads
33:03 Bodkin Arrow
33:24 Leather Archer Armor
39:57 Imperial Age
38:12 Bloodlines
38:03 Husbandry
37:25 Light Cavalry
39:46 Thumb Ring
40:41 Bracer
41:28 Conscription
41:39 Ballistics
42:20 Chemistry
41:16 Murder Holes
42:29 Hussar
43:30 Forging
43:25 Scale Barding Armor
42:55 Elite Mangudai
44:42 Parthian Tactics
45:18 Chain Barding Armor
45:34 Iron Casting
45:21 Masonry
46:24 Pikeman
47:05 Squires
46:51 Arson
47:31 Scale Mail Armor
49:02 Iron Casting
49:43 Siege Engineers
49:50 Fortified Wall
acei7una
9:23 Loom
14:42 Feudal Age
17:22 Wheelbarrow
17:24 Fishing Lines
17:43 Double-Bit Axe
24:05 Castle Age
25:41 Hand Cart
27:08 Bow Saw
26:40 Horse Collar
27:57 Heavy Plow
28:48 Gillnets
32:33 Gold Mining
32:45 Stone Mining
32:45 Crossbowman
34:11 Padded Archer Armor
33:59 Pikeman
34:39 Squires
35:34 Gold Shaft Mining
35:47 Fletching
39:07 Imperial Age
36:54 Bodkin Arrow
39:16 Leather Archer Armor
39:33 Ballistics
40:15 Conscription
40:16 Yeomen
40:06 Siege Engineers
39:45 Elite Longbowman
41:54 Two-Man Saw
41:14 Warwolf
44:07 Ring Archer Armor
46:56 Chemistry
47:22 Bracer
Connection lost

Rejoining the realm…

Still unreachable

The connection could not be restored.

Session expired

The server has moved on; the page needs a fresh start.